 Dungeon Crawl Stone Soup version 0.32-a0-699-g1ee5eff69a (webtiles) character file.

Game seed: 3899545631565841359

250 growler the Trooper (level 5, -1/46 HPs)
             Began as a Demonspawn Gladiator on Mar 12, 2024.
             Slain by an orc wizard
             ... wielding a +0 dagger
              (4 damage)
             ... on level 4 of the Dungeon on Mar 13, 2024.
             The game lasted 00:05:20 (2249 turns).

growler the Trooper (Demonspawn Gladiator)          Turns: 2249, Time: 00:05:21

Health: -1/46      AC:  7    Str: 14    XL:     5   Next: 88%
Magic:  5/5        EV: 10    Int: 10    God:
Gold:   138        SH:  0    Dex: 17    Spells: 4/4 levels left

rFire   . . .        a - +0 war axe
rCold   . . .        (no shield)
rNeg    . . .        m - +0 ring mail
rPois   .            c - +0 helmet
rElec   .            (no cloak)
rCorr   .            l - +0 pair of gloves
SInv    .            (no boots)
Will    .....        (no amulet)
Stlth   ++           (no ring)
HPRegen 0.27/turn    (no ring)
MPRegen 0.09/turn

%: no passive effects
@: no status effects
A: thin skeletal structure 1
a: no special abilities


You were on level 4 of the Dungeon.
You visited 1 branch of the dungeon, and saw 4 of its levels.

You collected 138 gold pieces.

Inventory:

Hand Weapons
 a - a +0 war axe (weapon)
Missiles
 d - 3 throwing nets (quivered)
 e - a javelin
Armour
 c - a +0 helmet (worn)
 l - a +0 pair of gloves (worn)
 m - a +0 ring mail (worn)
Jewellery
 b - a ring of magical power
 j - a ring of ice
Wands
 r - a wand of flame (16)
Scrolls
 f - 5 scrolls of identify {unknown}
 i - a scroll of torment {unknown}
 k - a scroll of immolation {unknown}
 n - a scroll of brand weapon {unknown}
 p - a scroll of teleportation {unknown}
Potions
 g - 4 potions of curing {unknown}
 h - 3 potions of might {unknown}
 o - 2 potions of mutation {unknown}
 q - a potion of magic {unknown}


   Skills:
 + Level 6.2 Fighting
 - Level 2.6 Axes
 - Level 1.7 Throwing
 - Level 2.6 Dodging


You had 4 spell levels left.
You didn't know any spells.
Your spell library contained the following spells:

 Spells                   Type           Power      Damage    Failure   Level
 Frozen Ramparts          Ice            0%         1d1       93%         3
 Ozocubu's Armour         Ice            0%         N/A       93%         3
 Metabolic Englaciation   Hex/Ice        0%         N/A       100%        5


Dungeon Overview and Level Annotations

Branches:
Dungeon (4/15)
 Temple: D:4-7

Altars:

Shops:
D:3 ?[(:

Annotations:
D:3 2 runed translucent doors, 2 transporters, GNSpeed's ghost, amateur OnAl


Innate Abilities, Weirdness & Mutations

You have a somewhat thin skeletal structure. (Dex +2, Stealth+)


Message History

You miss something. You hit the orc. You barely miss the orc.
The orc barely misses you. Something hits you but does no damage.
The orc hits you with a +0 dagger.
* * * LOW HITPOINT WARNING * * *
The orc hits you with a +0 mace.
* * * LOW HITPOINT WARNING * * *
Something hits you but does no damage.
You hit something. You barely miss the orc. You hit the orc.
You kill the orc!
You closely miss the orc. The orc closely misses you.
The orc hits you with a +0 dagger.
* * * LOW HITPOINT WARNING * * *
Something hits you but does no damage.
Unknown command.
You hit something. You barely miss the orc. You hit the orc.
The orc barely misses you. x2; Something hits you but does no damage. x2
The orc hits you but does no damage. The orc closely misses you.
Unknown command.
You barely miss something. You slash the orc!
You kill the orc!
You closely miss the orc. Something hits you but does no damage.
The orc misses you.
Unknown command.
You closely miss something. You closely miss the orc.
The orc hits you with a +0 dagger.
* * * LOW HITPOINT WARNING * * *
Something hits you.
* * * LOW HITPOINT WARNING * * *
Unknown command.
You closely miss something. You hit the orc.
The orc hits you but does no damage.
Something hits you but does no damage. x2
The orc hits you but does no damage.
Unknown command.
You barely miss something. You hit the orc.
You kill the orc!
You hear some strange, mumbled words.
Something tries to affect you, but you resist.
Unknown command.
You hit something but do no damage. Something hits you.
You die...

#.........###.##
###.#†.#
#.........##..#
##.#).##
.........##.##
##......##
#..[........#
#........##
.........####
#..........#
.......).)##
#..........#
....####)).###
#..........# ...
#..())###..........#
#.#.@).............#
#.##{#####........##
#.##.# #........#
#.##.# .........
#.##.# #.##.# .. ...
...


There were no monsters in sight!

Vanquished Creatures
  A phantom (D:4)
  An orc priest (D:4)
  An orc wizard (D:4)
  3 adders
  A white imp (D:3)
  6 dart slugs
  8 orcs
  4 endoplasms
  A giant cockroach (D:3)
  4 goblins
  5 hobgoblins
  4 jackals (D:3)
  8 kobolds
  2 quokkas (D:2)
  11 ball pythons
  5 bats
  3 frilled lizards
  3 rats
71 creatures vanquished.

Notes
Turn   | Place    | Note
-------+----------+-------------------------------------------
     0 | D:1      | growler the Demonspawn Gladiator began the quest for the
                  | Orb.
     0 | D:1      | Reached XP level 1. HP: 16/16 MP: 1/1
    88 | D:1      | Gained mutation: You have a somewhat thin skeletal
                  | structure. (Dex +2, Stealth+) [demonic ancestry]
    88 | D:1      | Reached XP level 2. HP: 23/23 MP: 2/2
   172 | D:1      | Reached skill level 3 in Fighting
   431 | D:1      | Reached XP level 3. HP: 29/29 MP: 3/3
   614 | D:1      | Upgraded the game from 0.32-a0-685-g93135e86f0 to
                  | 0.32-a0-699-g1ee5eff69a
   787 | D:2      | Reached skill level 4 in Fighting
  1087 | D:3      | Reached XP level 4. HP: 11/38 MP: 4/4
  1244 | D:3      | Found Neotum's Armour Shoppe.
  1314 | D:3      | Found Bufetyat's Book Emporium.
  1482 | D:3      | Found Veji's Antique Weapon Boutique.
  1563 | D:3      | Found a large runed translucent door.
  1563 | D:3      | Found a large runed translucent door.
  1567 | D:3      | Noticed GNSpeed's ghost (amateur OnAl)
  1742 | D:3      | Found a transporter.
  1744 | D:3      | Found Vappemut's Magic Scroll Shoppe.
  1802 | D:3      | Found a transporter.
  1981 | D:4      | Noticed a phantom
  2002 | D:4      | Killed a phantom
  2003 | D:4      | Reached skill level 5 in Fighting
  2003 | D:4      | Reached XP level 5. HP: 15/46 MP: 5/5
  2169 | D:4      | Reached skill level 6 in Fighting
  2246 | D:4      | HP: 2/46 [something (2)]
  2249 | D:4      | Slain by an orc wizard

Illustrated notes

Levels and vault maps discovered:
D:1:      lightli_arrival_chessboard, layout_basic, grunt_decor_mini_mirrors,
          minmay_misc_feat_cross
D:2:      layout_basic, serial_glass, glass_columns_a, glass_columns_b,
          feat_on_display, feat_on_display, due_unseen_surprise,
          item_on_display_a
D:3:      layout_loops_ring, serial_shops, nicolae_shop_trees,
          nicolae_shop_drivethru, shop, shop, ebering_ghost_disaster_area,
          minivault_25
D:4:      layout_rooms, nicolae_overflow_two_pavilions

Skill      XL: |  1  2  3  4  5 |
---------------+----------------+-----
Fighting       | 3 4 5 6 |  6.2
Axes           | |  2.6
Throwing       | |  1.7
Dodging        | |  2.6

Action                     |  1- 3 |  4- 6 || total
---------------------------+-------+-------++-------
  Melee: War axe           |   102 |   107 ||   209
   Stab: Sleeping          |     5 |     3 ||     8
 Armour: Leather armour    |    58 |       ||    58
         Ring mail         |    16 |    99 ||   115
  Dodge: Dodged            |    74 |    74 ||   148

Table legend: (Time is in decaauts)
 A = Elapsed time spent in this place.
 B = Non-inter-level travel time spent in this place.
 C = Inter-level travel time spent in this place.
 D = Time resting spent in this place.
 E = Time spent auto-exploring this place.
 F = Levels seen in this place.
 G = Mean time per level.
                   A        B        C        D        E       F      G
               +--------+--------+--------+--------+--------+-----+--------+
         Total |   2326 |   2236 |     90 |      0 |   1640 |   4 |  581.5 |
       Dungeon |   2326 |   2236 |     90 |      0 |   1640 |   4 |  581.5 |
               +--------+--------+--------+--------+--------+-----+--------+

Top non-repeatable levels by time:
     D:3: 939 daAuts
     D:1: 654 daAuts
     D:2: 416 daAuts
     D:4: 315 daAuts
